 Dungeon Crawl Stone Soup version 0.31-a0-174-g85c54bcb58 (webtiles) character file.

Game seed: 952284493207162431

406 qw the Chopper (level 6, 0/39 HPs)
             Began as a Gargoyle Fighter on June 15, 2023.
             Killed by divine providence
             ... invoked by an orc priest
              (9 damage)
             ... on level 3 of the Dungeon.
             The game lasted 00:01:42 (3177 turns).

qw the Chopper (Gargoyle Fighter)                   Turns: 3177, Time: 00:01:42

Health: 0/39       AC: 13    Str: 22    XL:     6   Next: 87%
Magic:  6/6        EV:  8    Int:  8    God:
Gold:   58         SH:  4    Dex:  9    Spells: 5/5 levels left

rFire   . . .        Y - +0 war axe
rCold   . . .        c - +0 buckler
rNeg    + . .        e - +0 chain mail
rPois   inf          (no helmet)
rElec   +            (no cloak)
rCorr   .            (no gloves)
SInv    .            (no boots)
Will    .....        (no amulet) Stlth
                     (no ring)
HPRegen 0.26/turn    (no ring)
MPRegen 0.10/turn

%: no passive effects
@: about to teleport
A: sickness immunity, AC +4, negative energy resistance 1, electricity
resistance, torment resistance 1, petrification resistance
a: no special abilities


You were on level 3 of the Dungeon.
You visited 1 branch of the dungeon, and saw 3 of its levels.
You also visited: Sewer.

You collected 168 gold pieces.
You spent 110 gold pieces at shops.


Innate Abilities, Weirdness & Mutations

You are immune to sickness and miasma.
Your stone body is resilient. (AC +4)
You are immune to poison.
You resist negative energy. (rN+)
You are resistant to electric shocks. (rElec)
You are resistant to unholy torment.
You are immune to petrification.


   Skills:
 - Level 4.3 Fighting
 - Level 6.0 Axes
 - Level 0.1 Throwing
 - Level 3.2 Armour
 + Level 0.1 Dodging
 - Level 3.2 Shields


You had 5 spell levels left.
You didn't know any spells.
Your spell library was empty.

Inventory:

Hand Weapons
 n - a +0 whip
 Y - a +0 war axe (weapon)
Armour
 c - a +0 buckler (worn)
 e - a +0 chain mail (worn)
Scrolls
 g - 2 scrolls of identify
Potions
 a - a potion of magic
 d - a potion of might
 f - a potion of curing
 i - 2 potions of mutation
 k - a potion of attraction
 l - 3 potions of cancellation

Dungeon Overview and Level Annotations

Branches:
Dungeon (3/15)              Sewer (visited)

Altars:
The Shining One

Shops:
D:2 !


Message History

The orc's wounds heal themselves!
The ball python closely misses you. The ball python constricts you.
You hit the ball python.
You kill the ball python!
You hit the orc. You block the orc's attack.
A goblin comes into view. It is wielding a +0 dagger.
The orc priest invokes the aid of Beogh against you.
Beogh smites you! The orc hits you but does no damage.
The goblin shouts!
You hit the orc.
You kill the orc!
You hit the orc priest.
An orc comes into view. It is wielding a +0 flail.
The orc priest hits you but does no damage.
The orc shouts!
You hit the orc priest but do no damage.
The orc priest is moderately wounded.
A ball python comes into view.
The orc priest hits you but does no damage.
You completely miss the orc priest.
The orc priest is moderately wounded.
You closely miss the goblin. You hit the orc. The orc hits you with a +0 flail.
The orc priest calls down the wrath of Beogh upon you.
You barely resist. You block the goblin's attack.
You closely miss the orc priest.
The orc priest is moderately wounded.
You closely miss the goblin. You closely miss the orc.
A ball python comes into view.
The orc priest calls down the wrath of Beogh upon you.
Beogh smites you! The orc barely misses you.
The goblin hits you with a +0 dagger.
3177 ||| READING scroll of teleportation.
As you read the scroll of teleportation, it crumbles to dust.
You feel strangely unstable. The orc barely misses you.
The orc priest invokes the aid of Beogh against you.
Beogh smites you!
You die...

# .# #.# .#
.#.#.# ##....#
#.# #.#...#
#.# ### #S.S.#
#.# ..#
#oog###.###.#
#@###...##.#
###.##.#.#.#.#
#........##/.#
#.#/.......#.#
#.#####.#.##.#
# ##..##.#
##.##.# #.##.#
#.##.# #


You could see an orc priest, an orc, a goblin and 2 ball pythons.

Vanquished Creatures
  4 kobold brigands (Sewer)
  Ijyb (D:3)
  2 adders (D:2)
  2 worms
  4 dart slugs
  An orc (D:3)
  8 endoplasms
  4 giant cockroaches
  3 goblins
  5 hobgoblins
  5 quokkas
  5 ball pythons
  7 bats
  6 frilled lizards
  11 kobolds
  7 rats
75 creatures vanquished.

Notes
Turn   | Place    | Note
-------+----------+-------------------------------------------
     0 | D:1      | qw the Gargoyle Fighter began the quest for the Orb.
     0 | D:1      | Reached XP level 1. HP: 14/14 MP: 1/1
     0 | D:1      | 0 ||| qw: Version: 0.2-a-29-g511e9b1
     0 | D:1      | 0 ||| qw: Game counter: 5563
     0 | D:1      | 0 ||| qw: Always use a shield: true
     0 | D:1      | 0 ||| qw: God list: Okawaru
     0 | D:1      | 0 ||| qw: Allow faded altars: false
     0 | D:1      | 0 ||| qw: Do Orc after D:15 true
     0 | D:1      | 0 ||| qw: Do second Lair branch before Depths: true
     0 | D:1      | 0 ||| qw: Lair rune preference: random
     0 | D:1      | 0 ||| qw: Plans: Normal, Zot:1-4, Slime:5, God:TSO, Crypt,
                  | Tomb, Abyss, Pan, Hells, Win
     0 | D:1      | 0 ||| PLANNING D:1-11
    99 | D:1      | Reached skill level 2 in Axes
   138 | D:1      | Reached XP level 2. HP: 19/19 MP: 2/2
   233 | D:1      | Found a faded altar of an unknown god.
   453 | D:1      | 453 ||| UPGRADING to +0 chain mail.
   463 | D:1      | 463 ||| UPGRADING to +0 scale mail.
   468 | D:1      | 468 ||| UPGRADING to +0 chain mail.
   478 | D:1      | 478 ||| DROPPING +0 scale mail.
   647 | D:1      | Reached skill level 3 in Axes
   773 | D:1      | Reached XP level 3. HP: 23/23 MP: 3/3
   914 | D:1      | 914 ||| READING scroll labelled JON KETHROLUCW.
   915 | D:1      | 915 ||| READING 2 scrolls labelled GUUWOCS SIHAMM.
   916 | D:1      | 916 ||| READING scroll labelled JUDA REXKORCH.
  1192 | D:2      | 1192 ||| FLEEEEING.
  1193 | D:2      | 1193 ||| FLEEEEING.
  1194 | D:2      | 1194 ||| FLEEEEING.
  1195 | D:2      | 1195 ||| FLEEEEING.
  1196 | D:2      | 1196 ||| FLEEEEING.
  1197 | D:2      | 1197 ||| FLEEEEING.
  1198 | D:2      | 1198 ||| FLEEEEING.
  1199 | D:2      | 1199 ||| FLEEEEING.
  1200 | D:2      | 1200 ||| FLEEEEING.
  1201 | D:2      | 1201 ||| FLEEEEING.
  1203 | D:2      | 1203 ||| FLEEEEING.
  1204 | D:2      | 1204 ||| FLEEEEING.
  1205 | D:2      | 1205 ||| FLEEEEING.
  1209 | D:2      | 1209 ||| FLEEEEING.
  1210 | D:2      | 1210 ||| FLEEEEING.
  1211 | D:2      | 1211 ||| FLEEEEING.
  1212 | D:2      | 1212 ||| FLEEEEING.
  1213 | D:2      | 1213 ||| FLEEEEING.
  1214 | D:2      | 1214 ||| FLEEEEING.
  1382 | D:2      | 1382 ||| Stepping ~*~*~tactically~*~*~ (hiding).
  1832 | D:2      | Found Zifunimav's Distillery.
  1838 | D:2      | 1838 ||| BUYING potion of attraction (30 gold).
  1838 | D:2      | Bought a potion of attraction for 30 gold pieces
  1838 | D:2      | 1838 ||| BUYING potion of cancellation (80 gold).
  1838 | D:2      | Bought a potion of cancellation for 80 gold pieces
  1838 | D:2      | 1838 ||| SHOPLISTING potion of haste (100 gold, have 19).
  1838 | D:2      | 1838 ||| SHOPLISTING potion of heal wounds (50 gold, have
                  | 19).
  1838 | D:2      | 1838 ||| SHOPLISTING potion of magic (80 gold, have 19).
  1895 | D:2      | Reached XP level 4. HP: 26/28 MP: 4/4
  1961 | D:2      | Reached skill level 4 in Axes
  2025 | D:2      | 2025 ||| READING scroll labelled GOWENE ECUDDEG.
  2045 | D:2      | 2045 ||| READING scroll labelled GEUVVY UROYPT.
  2049 | D:2      | 2049 ||| READING scroll labelled KIKLUECZYV.
  2050 | D:2      | 2050 ||| READING 4 scrolls of identify.
  2050 | D:2      | 2050 ||| IDENTIFYING sapphire potion
  2051 | D:2      | 2051 ||| READING 3 scrolls of identify.
  2051 | D:2      | 2051 ||| IDENTIFYING metallic ruby potion
  2061 | D:3      | 2061 ||| PLANNING SEWER
  2072 | D:3      | 2072 ||| STAIRDANCE
  2129 | D:3      | Found a glowing drain.
  2148 | D:3      | 2148 ||| Stepping ~*~*~tactically~*~*~ (water).
  2159 | Sewer    | Entered a sewer
  2267 | Sewer    | Noticed a kobold brigand
  2282 | Sewer    | HP: 6/28 [kobold brigand/+0 short sword (5)]
  2283 | Sewer    | Killed a kobold brigand
  2284 | Sewer    | Reached XP level 5. HP: 7/32 MP: 5/5
  2413 | Sewer    | Reached skill level 5 in Axes
  2455 | Sewer    | Noticed a kobold brigand
  2456 | Sewer    | 2456 ||| Stepping ~*~*~tactically~*~*~ (hiding).
  2468 | Sewer    | Killed a kobold brigand
  2469 | Sewer    | Reached XP level 6. HP: 39/39 MP: 6/6
  2658 | Sewer    | 2658 ||| DROPPING +0 club.
  2678 | Sewer    | 2678 ||| READING scroll labelled QARITO UBEINO.
  2679 | Sewer    | 2679 ||| READING scroll labelled CYTOTEBLAXT.
  2680 | Sewer    | 2680 ||| DRINKING 2 murky pink potions.
  2681 | Sewer    | 2681 ||| READING 3 scrolls of identify.
  2681 | Sewer    | 2681 ||| IDENTIFYING purple potion
  2682 | Sewer    | 2682 ||| DROPPING potion of invisibility.
  2697 | D:3      | 2697 ||| PLANNING D:1-11
  2731 | D:3      | 2731 ||| Stepping ~*~*~tactically~*~*~ (hiding).
  2732 | D:3      | 2732 ||| Stepping ~*~*~tactically~*~*~ (hiding).
  2733 | D:3      | 2733 ||| Stepping ~*~*~tactically~*~*~ (hiding).
  2734 | D:3      | 2734 ||| Stepping ~*~*~tactically~*~*~ (hiding).
  2735 | D:3      | 2735 ||| Stepping ~*~*~tactically~*~*~ (hiding).
  2829 | D:3      | Found a glowing golden altar of the Shining One.
  2870 | D:3      | Noticed Ijyb
  2872 | D:3      | 2872 ||| FLEEEEING.
  2873 | D:3      | 2873 ||| FLEEEEING.
  2875 | D:3      | 2875 ||| FLEEEEING.
  2876 | D:3      | 2876 ||| FLEEEEING.
  2877 | D:3      | 2877 ||| FLEEEEING.
  2878 | D:3      | 2878 ||| FLEEEEING.
  2879 | D:3      | 2879 ||| FLEEEEING.
  2880 | D:3      | 2880 ||| FLEEEEING.
  2881 | D:3      | 2881 ||| FLEEEEING.
  2882 | D:3      | 2882 ||| FLEEEEING.
  2883 | D:3      | 2883 ||| STAIRDANCE
  2945 | D:3      | 2945 ||| STAIRDANCE
  2982 | D:3      | 2982 ||| STAIRDANCE
  3022 | D:3      | Killed Ijyb
  3133 | D:3      | Reached skill level 6 in Axes
  3166 | D:3      | 3166 ||| Stepping ~*~*~tactically~*~*~ (stealth).
  3168 | D:3      | 3168 ||| Stepping ~*~*~tactically~*~*~ (hiding).
  3176 | D:3      | HP: 9/39 [goblin/+0 dagger (2)]
  3177 | D:3      | 3177 ||| READING scroll of teleportation.
  3177 | D:3      | Killed from afar by an orc priest

Levels and vault maps discovered:
D:1:      lightli_arrival_statuegarden, layout_loops_corners,
          shapermc_ecumenical_altar_pompeii,
          nicolae_concentric_dashed_squares_wild
D:2:      minmay_chambers_of_ones, layout_basic, serial_shops, shop,
          kennysheep_generic_room_5
D:3:      layout_loops_ring, lemuel_round_altar, kennysheep_orc_sif_temple,
          nicolae_tso_swordbearing_angel, cheibrodos_sewer_entry_bend,
          roderic_roman_lattice, uniq_ijyb, uniq_jessica

Skill      XL: |  1  2  3  4  5  6 |
---------------+-------------------+-----
Axes           | 2 3 4 5 6 |  6.0
Fighting       | 4 |  4.3
Throwing       | |  0.1
Armour         | |  3.2
Dodging        | |  0.1
Shields        | |  3.2

Action                     |  1- 3 |  4- 6 || total
---------------------------+-------+-------++-------
  Melee: War axe           |   115 |   142 ||   257
  Throw: Javelin           |     2 |       ||     2
    Use: Scroll            |     3 |     9 ||    12
         Potion            |       |     1 ||     1
 Armour: Scale mail        |    13 |       ||    13
         Chain mail        |    44 |    89 ||   133
  Dodge: Dodged            |    43 |    45 ||    88
  Block: Buckler           |    14 |    12 ||    26

Table legend:
 A = Non-vault XP
 B = Vault XP
 C = Vault XP percentage of total XP
 D = Non-vault monster count
 E = Vault monster count
 F = Vault count percentage of total count
                 A         B        C        D         E       F
            +---------+---------+-------+---------+---------+-------
      Total |     112 |     468 |  80.7 |      46 |      29 |  38.7
            +---------+---------+-------+---------+---------+-------
        D:1 |      34 |       0 |   0.0 |      17 |       0 |   0.0
        D:2 |      66 |       7 |   9.6 |      21 |       5 |  19.2
        D:3 |      12 |      41 |  77.4 |       8 |       2 |  20.0
      Sewer |       0 |     420 | 100.0 |       0 |      22 | 100.0
            +---------+---------+-------+---------+---------+-------
